 Dungeon Crawl Stone Soup version 0.26.1-11-gd32895ea62 (webtiles) character file.

Game seed: 14164107603881158366

273 Jerry the Chucker (level 6, -3/55 HPs)
             Began as a Troll Hunter on July 1, 2021.
             Slain by a wyvern (16 damage)
             ... on level 5 of the Dungeon.
             The game lasted 00:05:04 (2695 turns).

Jerry the Chucker (Troll Hunter)                    Turns: 2695, Time: 00:05:04

Health: -3/55      AC:  7    Str: 21    XL:     6   Next: 3%
Magic:  14/14      EV: 14    Int:  7    God:
Gold:   166        SH:  0    Dex: 12    Spells: 5/5 levels left

rFire    . . .     SeeInvis .     - Unarmed
rCold    . . .     Faith    .   (no shield)
rNeg     . . .     Spirit   .   b - +1 robe
rPois    .         Reflect  .   (helmet restricted)
rElec    .         Harm     .   (no cloak)
rCorr    .         Rampage  .   (gloves unavailable)
Will     .....                  (boots unavailable)
Stlth    ++........             (no amulet)
HPRegen  0.58/turn              l - ring of magical power
MPRegen  0.14/turn              u - +4 ring of evasion

@: no status effects
A: large, unfitting armour, claws 3, regeneration 1, shaggy fur 1, tough skin 3
a: no special abilities


You were on level 5 of the Dungeon.
You visited 1 branch of the dungeon, and saw 5 of its levels.

You collected 166 gold pieces.

Inventory:

Missiles
 c - 5 large rocks (quivered)
 d - 2 throwing nets
Armour
 b - a +1 robe (worn)
Jewellery
 l - a ring of magical power (left claw)
 u - a +4 ring of evasion (right claw)
Wands
 s - a wand of flame (21)
Scrolls
 a - 2 scrolls of teleportation
 e - 2 scrolls of remove curse
 j - 4 scrolls of identify
 m - a scroll of immolation
 n - a scroll of amnesia
Potions
 g - a potion of magic
 h - a potion of lignification {unknown}
 i - 2 potions of degeneration {unknown}
 q - 2 potions of heal wounds {unknown}
 t - 2 potions of invisibility {unknown}


   Skills:
 - Level 1.5 Fighting
 + Level 4.3 Throwing
 + Level 2.6 Dodging
 + Level 1.5 Stealth
 * Level 3.6 Unarmed Combat


You had 5 spell levels left.
You didn't know any spells.
Your spell library was empty.

Dungeon Overview and Level Annotations

Branches:
Dungeon (5/15)
 Temple: D:4-7

Altars:
Elyvilon


Innate Abilities, Weirdness & Mutations

You are too large for most types of armour.
You have claws for hands.
Your natural rate of healing is unusually fast.
You are covered in fur. (AC +1)
You have extremely tough skin. (AC +3)


Message History

The ogre misses you.
You completely miss the ogre.
The ogre is lightly wounded.
The ogre hits you with a +0 giant club!
You claw the ogre!
The ogre is moderately wounded.
The wyvern closely misses you.
You closely miss the ogre.
The ogre is moderately wounded.
The ogre hits you with a +0 giant club! The wyvern bites you!
You are too injured to fight recklessly!
You are too injured to fight recklessly!
The wyvern bites you!
* * * LOW HITPOINT WARNING * * *
The wyvern barely misses you. The wyvern misses you.
The wyvern closely misses you. The wyvern closely misses you.
The wyvern bites you!
You die...

####### ..(...####
.........## ..........#
......##..#############
......##.....O.l@....<#
......###.#############
......+...# ......#####
.....>. #####.# #.# #..


You could see a wyvern and an ogre.

Vanquished Creatures
  A scorpion (D:4)
  A hound (D:4)
  2 worker ants
  A hound skeleton (D:4)
  5 adders
  3 worms
  2 dart slugs
  A leopard gecko (D:1)
  6 orcs
  3 giant cockroaches
  3 goblins
  5 hobgoblins
  2 jackals (D:1)
  A quokka (D:2)
  2 ball pythons
  12 bats
  8 frilled lizards
  A jackal skeleton (D:4)
  6 kobolds
  A leopard gecko skeleton (D:4)
  14 rats
80 creatures vanquished.

Notes
Turn   | Place    | Note
-------+----------+-------------------------------------------
     0 | D:1      | Jerry the Troll Hunter began the quest for the Orb.
     0 | D:1      | Reached XP level 1. HP: 19/19 MP: 0/0
   103 | D:1      | Reached XP level 2. HP: 27/27 MP: 1/1
   128 | D:1      | Reached skill level 1 in Unarmed Combat
   395 | D:1      | Reached XP level 3. HP: 33/33 MP: 2/2
   768 | D:2      | Reached skill level 1 in Stealth
  1081 | D:2      | Reached XP level 4. HP: 40/41 MP: 3/3
  1159 | D:3      | Reached skill level 4 in Throwing
  1311 | D:3      | Found a white marble altar of Elyvilon.
  2157 | D:4      | Reached XP level 5. HP: 45/48 MP: 4/4
  2364 | D:4      | Found a white marble altar of Elyvilon.
  2640 | D:5      | Entered Level 5 of the Dungeon
  2653 | D:5      | Reached XP level 6. HP: 49/55 MP: 5/5
  2678 | D:5      | Noticed a wyvern
  2695 | D:5      | Slain by a wyvern

Illustrated notes

Levels and vault maps discovered:
D:1:      scummos_arrival_simple_fountains, layout_basic
D:2:      layout_loops_ring, kennysheep_crisscross
D:3:      layout_basic, elyvilon_altar_4
D:4:      layout_loops_ring, general_overflow_altar
D:5:      layout_basic, nicolae_tso_besieged_by_evil,
          minmay_temple_entry_drinking_statues, nicolae_sextant, uniq_sigmund,
          uniq_menkaure

Skill      XL: |  1  2  3  4 |
---------------+-------------+-----
Unarmed Combat | 1 2 3 |  3.6
Dodging        | 2 |  2.6
Stealth        | 1 |  1.5
Throwing       | 4 |  4.3
Fighting       | |  1.5

Action                   |  1- 3 |  4- 6 || total
-------------------------+-------+-------++-------
Melee: Unarmed           |   116 |   135 ||   251
       Punch             |       |     2 ||     2
  Use: Scroll            |       |    11 ||    11
 Stab: Sleeping          |     1 |     8 ||     9
Armor: Robe              |    43 |    54 ||    97
Dodge: Dodged            |    61 |    75 ||   136
